 Dungeon Crawl Stone Soup version 0.25-a0-734-g73332aeda9 (webtiles) character file.

Game seed: 6339882147409697593, levelgen mode: deterministic

2058 Conn the Sneak (level 9, -2/60 HPs)
             Began as an Octopode Conjurer on Apr 11, 2020.
             Was a Follower of Sif Muna.
             Hit by a javelin thrown by a centaur (15 damage)
             ... in a bailey.
             The game lasted 00:31:58 (8268 turns).

Conn the Sneak (Octopode Conjurer)                  Turns: 8268, Time: 00:31:58

Health: -2/60      AC:  1    Str:  9    XL:     9   Next: 25%
Magic:  24/26      EV: 14    Int: 16    God:    Sif Muna [*.....]
Gold:   400        SH:  3    Dex: 13    Spells: 5/19 levels left

rFire    . . .     SeeInvis .   B - +2 dagger (flame)
rCold    . . .     Gourm    .   (no shield)
rNeg     . . .     Faith    .   (helmet restricted)
rPois    .         Spirit   .   r - +3 amulet of reflection
rElec    .         Reflect  +   o - ring of flight
rCorr    .         Harm     .   h - ring of magical power
MR       .....                  (no ring)
Stlth    ++++......             (no ring)
HPRegen  0.20/turn              (no ring)
MPRegen  0.20/turn              (no ring)
                                (no ring)
                                (no ring)

@: no status effects
A: almost no armour, stealthy swim, amphibious, 8 rings, constrict 8, camouflage
1, blink, dopey 1, gelatinous body 1
a: Blink, Channel Magic, Renounce Religion, Evoke Flight


You were in a bailey.
You worshipped Sif Muna.
Sif Muna was aware of your devotion.
You were not hungry.

You visited 1 branch of the dungeon, and saw 8 of its levels.
You also visited: Bailey.

You collected 400 gold pieces.

Inventory:

Hand Weapons
 a - a +0 dagger
 k - a +0 short sword
 n - a +0 shortbow of flaming
 B - a +2 dagger of flaming (weapon)
Missiles
 l - 67 sling bullets
 u - 22 arrows
 x - 5 atropa-tipped darts (quivered)
Armour
 f - a +0 buckler
Jewellery
 h - a ring of magical power (right tentacle)
 o - a ring of flight (left tentacle)
 r - a +3 amulet of reflection (around mantle)
Wands
 p - a wand of random effects (23)
 t - a wand of disintegration (6)
 v - a wand of flame (20)
Scrolls
 c - 5 scrolls of remove curse
 g - 2 scrolls of blinking
 i - 4 scrolls of identify
 j - 3 scrolls of amnesia
 m - a scroll of enchant armour
 y - 4 scrolls of teleportation
Potions
 d - a potion of cancellation
 e - a potion of magic
 q - 3 potions of stabbing
 s - a potion of curing
 w - 4 potions of lignification
Comestibles
 b - 12 rations
 z - 4 chunks of flesh


   Skills:
 * Level 4.8 Fighting
 + Level 3.7 Short Blades
 + Level 0.9 Throwing
 + Level 3.7 Dodging
 + Level 6.7 Stealth
 + Level 1.0 Shields
 + Level 1.2 Unarmed Combat
 * Level 5.8 Spellcasting
 + Level 6.4 Conjurations
 + Level 0.9 Evocations


You had 5 spell levels left.
You knew the following spells:

 Your Spells              Type           Power        Failure   Level  Hunger
a - Magic Dart            Conj           ####         1%          1    None
b - Searing Ray           Conj           ####..       1%          2    #......
c - Dazzling Flash        Conj/Hex       ###...       11%         3    ##.....
d - Fulminant Prism       Conj/Hex       ###.......   36%         4    ####...
e - Iskenderun's Mystic   Conj/Tloc      ###.....     36%         4    ####...

Your spell library contained the following spells:

 Spells                   Type           Power        Failure   Level  Hunger


Dungeon Overview and Level Annotations

Branches:
Dungeon (8/15)             Temple (0/1) D:6          Bailey (1/1)
   Lair: D:8-11

Altars:
Dithmenos
Fedhas
Gozag
Hepliaklqana
Kikubaaqudgha
Okawaru
Qazlal
Ru
Sif Muna
Zin


Innate Abilities, Weirdness & Mutations

You cannot wear most types of armour.
You are very stealthy in the water. (Stealth+)
You are amphibious.
You can wear up to eight rings at the same time.
You can use your tentacles to constrict eight enemies at once.
Your skin changes colour to match your surroundings (Stealth+).
Your rubbery body absorbs attacks. (AC +1, EV +1)
You can translocate small distances at will.
You are dopey. (Int -2)


Message History

Aim: a centaur, wielding a +0 trident, wearing a +0 scale mail and quivering 3 javelins (blind, hasn't noticed you)
The magic dart hits the centaur but does no damage.
An orc comes into view. It is wielding a +0 halberd.
Evoke which item? (* to show all) (? for menu, Esc to quit)
Aiming: Throw Flame
Press: ? - help, Shift-Dir - straight line, f/p - centaur
Aim: a centaur, wielding a +0 trident, wearing a +0 scale mail and quivering 3 javelins (blind)
The puff of flame hits the centaur.
The centaur is lightly wounded.
The orc shouts!
The centaur throws a javelin.
The javelin pierces through you.
The centaur throws a javelin.
The javelin pierces through you.
The centaur throws a javelin.
The javelin pierces through you!
* * * LOW HITPOINT WARNING * * *
An orc comes into view. It is wielding a +0 halberd.
The centaur is no longer blind.
The centaur throws a javelin.
The javelin pierces through you.
* * * LOW HITPOINT WARNING * * *
The centaur throws a javelin.
The javelin pierces through you!
You die...

≈≈≈....c....≈≈≈
.....≈≈≈≈≈.....
....≈≈...≈≈....
.≈.≈≈.≈.≈.≈≈.≈.
≈≈.≈.≈≈.≈≈.≈.≈≈
≈.≈≈.≈...≈.≈≈.≈
≈.≈.≈≈.(.≈≈.≈.≈
≈.≈.≈.⌠∩⌠.≈.≈.≈
≈.≈.≈..@..≈.≈o≈
≈.≈.≈.⌠∩⌠.≈.≈.≈
≈.≈.≈≈...≈≈.≈.≈
≈.≈≈.≈...≈.≈≈.≈
≈≈o≈.≈≈§≈≈.≈o≈≈
o≈.≈≈..co(≈≈o≈.
.≈≈.≈≈≈.≈≈≈.≈≈.
..≈≈o.≈.≈o.≈≈..


You could see a centaur and 8 orcs.

Vanquished Creatures
  A troll (D:6)
  Grinder (D:4)
  Sigmund (D:2)
  A water moccasin (D:5)
  An ice beast (D:5)
  A black bear (D:7)
  A phantom (D:5)
  A centaur (D:8)
  An ogre (D:6)
  A big kobold (D:6)
  2 bullfrogs
  2 scorpions
  3 bullfrog zombies
  A jelly (D:7)
  A centaur skeleton (D:7)
  Natasha (thrice) (D:2)
  2 iguanas
  3 worker ants
  Robin (D:2)
  9 adders
  2 shadow imps
  2 oozes
  An adder zombie (D:5)
  A worm (D:3)
  3 dart slugs
  4 leopard geckos
  9 orcs
  A ball python (D:1)
  6 giant cockroaches
  11 hobgoblins
  14 jackals
  4 quokkas
  11 bats
  6 frilled lizards
  15 goblins
  12 kobolds
  7 rats
146 creatures vanquished.

Notes
Turn   | Place    | Note
-------+----------+-------------------------------------------
     0 | D:1      | Conn the Octopode Conjurer began the quest for the Orb.
     0 | D:1      | Reached XP level 1. HP: 11/11 MP: 3/3
   333 | D:1      | Reached XP level 2. HP: 17/17 MP: 3/5
   359 | D:1      | Reached skill level 1 in Unarmed Combat
   872 | D:1      | Reached XP level 3. HP: 21/21 MP: 2/6
  1055 | D:1      | Learned a level 2 spell: Searing Ray
  1059 | D:1      | Learned a level 3 spell: Dazzling Flash
  1724 | D:2      | Noticed Sigmund
  1737 | D:2      | Killed Sigmund
  1737 | D:2      | Reached skill level 1 in Fighting
  1737 | D:2      | Reached skill level 1 in Short Blades
  1737 | D:2      | Reached skill level 5 in Conjurations
  1737 | D:2      | Reached XP level 4. HP: 25/28 MP: 0/8
  1737 | D:2      | Reached XP level 5. HP: 30/33 MP: 0/9
  1749 | D:2      | Noticed Robin
  1770 | D:2      | Found a faded altar of an unknown god.
  1776 | D:2      | Noticed Natasha
  1841 | D:2      | Killed Natasha
  1841 | D:2      | Reached XP level 6. HP: 13/39 MP: 3/10
  2172 | D:2      | Found an iron altar of Okawaru.
  2378 | D:2      | Noticed Natasha
  2387 | D:2      | Killed Natasha
  2416 | D:2      | Noticed Natasha
  2423 | D:2      | Killed Natasha
  2733 | D:2      | Killed Robin
  3546 | D:3      | Reached XP level 7. HP: 41/45 MP: 12/12
  3610 | D:3      | Found an opulent altar of Gozag.
  3610 | D:3      | Found a faded altar of an unknown god.
  3615 | D:3      | Found a blossoming altar of Fedhas.
  3617 | D:3      | Found a hazy altar of Hepliaklqana.
  3618 | D:3      | Found a faded altar of an unknown god.
  3804 | D:3      | Found a stormy altar of Qazlal.
  3804 | D:3      | Found an ancient bone altar of Kikubaaqudgha.
  3805 | D:3      | Found a sacrificial altar of Ru.
  3808 | D:3      | Found a shimmering blue altar of Sif Muna.
  3814 | D:3      | Became a worshipper of Sif Muna the Loreminder
  3989 | D:4      | Noticed Grinder
  3997 | D:4      | Paralysed by Grinder for 2 turns
  4002 | D:4      | Killed Grinder
  4129 | D:4      | Found a glowing silver altar of Zin.
  4153 | D:4      | Gained mutation: You are dopey. (Int -2) [potion of
                  | mutation]
  4153 | D:4      | Gained mutation: You can translocate small distances at
                  | will. [potion of mutation]
  4162 | D:5      | Entered Level 5 of the Dungeon
  4377 | D:5      | Learned a level 4 spell: Fulminant Prism
  4382 | D:5      | Learned a level 4 spell: Iskenderun's Mystic Blast
  4465 | D:5      | Reached skill level 5 in Stealth
  4552 | D:5      | Reached XP level 8. HP: 41/53 MP: 10/14
  5798 | D:6      | Found a staircase to the Ecumenical Temple.
  5926 | D:6      | Noticed a troll
  6284 | D:6      | Killed a troll
  6284 | D:6      | Reached skill level 5 in Spellcasting
  6859 | D:6      | Found a shadowy altar of Dithmenos.
  6981 | D:6      | HP: 2/54 [kobold (1)]
  7177 | D:7      | Reached XP level 9. HP: 52/59 MP: 2/17
  7400 | D:7      | Reached * piety under Sif Muna
  8167 | D:8      | Reached skill level 1 in Shields
  8229 | D:8      | Found a flagged portal.
  8260 | Bailey   | Entered a bailey
  8268 | Bailey   | Hit by a javelin thrown by a centaur

Levels and vault maps discovered:
D:1:      evilmike_arrival_rings, layout_loops_ring
D:2:      kennysheep_big_flooded_room, layout_rooms, okawaru_metal_pillars_3,
          chequers_ecumenical_altar_twisty, serial_forest,
          infiniplex_forest_clump_large, infiniplex_forest_clump_small,
          infiniplex_forest_lined_room_3, infiniplex_forest_clump_double,
          infiniplex_forest_clump_small, infiniplex_forest_clump_large,
          infiniplex_forest_lined_room_3, grunt_ministairs_1, uniq_sigmund,
          uniq_robin, uniq_natasha
D:3:      layout_loops_ring, minitemple, chequers_temple_overflow_minitemple,
          kennysheep_generic_room_10
D:4:      layout_loops_ring, zin_statuary, first_ration, serial_shops, shop,
          uniq_grinder, uniq_duvessa
D:5:      layout_gridville, corexii_leaking_fountain
D:6:      layout_basic, marbit_many_paths, minmay_temple_entry_sparse_star
D:7:      layout_rooms, kennysheep_generic_room_8
D:8:      layout_basic, lightli_bailey_entry_fortress, grunt_ministairs_9,
          hangedman_little_slice_of_home, fedhas_altar_4
Bailey:   bailey_polearm_flooded_kennysheep, bailey

Skill      XL: |  1  2  3  4  5  6  7  8  9 |
---------------+----------------------------+-----
Stealth        | 3 5 6 |  6.7
Unarmed Combat | 1 |  1.2
Fighting       | 1 2 3 4 |  4.8
Short Blades   | 1 2 3 |  3.7
Spellcasting   | 3 4 5 |  5.8
Conjurations   | 5 6 |  6.4
Dodging        | 3 |  3.7
Shields        | 1 |  1.0
Throwing       | |  0.9
Evocations     | |  0.9

Action                   |  1- 3 |  4- 6 |  7- 9 || total
-------------------------+-------+-------+-------++-------
Melee: Unarmed           |    13 |       |       ||    13
       Constrict         |    15 |    18 |    13 ||    46
       Tentacles         |     8 |     9 |    15 ||    32
       Dagger            |    31 |    14 |    90 ||   135
       Short sword       |    15 |    58 |       ||    73
       Punch             |       |     1 |     1 ||     2
Throw: Dart              |       |       |     3 ||     3
 Cast: Magic Dart        |    53 |    34 |    64 ||   151
       Searing Ray       |     1 |     8 |    20 ||    29
       Dazzling Flash    |       |     1 |     1 ||     2
Evoke: Wand              |       |       |     5 ||     5
  Use: Scroll            |     1 |       |    14 ||    15
       Potion            |       |       |    16 ||    16
 Stab: Sleeping          |       |     8 |     9 ||    17
  Eat: Chunk             |     3 |     6 |    16 ||    25
Armor: Skin              |    11 |     2 |    30 ||    43
Dodge: Dodged            |    38 |    54 |    76 ||   168
Block: Other             |       |     2 |    16 ||    18
       Reflection        |       |     1 |       ||     1

Table legend:
 A = Non-vault XP
 B = Vault XP
 C = Vault XP percentage of total XP
 D = Non-vault monster count
 E = Vault monster count
 F = Vault count percentage of total count
                 A         B        C        D         E       F
            +---------+---------+-------+---------+---------+-------
      Total |    1869 |    1071 |  36.4 |     123 |      23 |  15.8
            +---------+---------+-------+---------+---------+-------
        D:1 |      65 |       0 |   0.0 |      34 |       0 |   0.0
        D:2 |     134 |     307 |  69.6 |      29 |      17 |  37.0
        D:3 |     112 |       0 |   0.0 |      22 |       0 |   0.0
        D:4 |     109 |     295 |  73.0 |       4 |       1 |  20.0
        D:5 |     503 |       0 |   0.0 |      11 |       0 |   0.0
        D:6 |     304 |     343 |  53.0 |       6 |       1 |  14.3
        D:7 |     494 |       0 |   0.0 |      14 |       0 |   0.0
        D:8 |     148 |     126 |  46.0 |       3 |       4 |  57.1
            +---------+---------+-------+---------+---------+-------
